 Dungeon Crawl Stone Soup version 0.24.0-123-gd5b16e6ec5 (webtiles) character file.

Game seed: 10316957174275715800, levelgen mode: deterministic

9482 mortelune the Destroyer (level 11, -14/62 HPs)
             Began as a Gargoyle Fire Elementalist on Jan 3, 2020.
             Was a Follower of Vehumet.
             Demolished by a frost giant
             ... wielding a +2 battleaxe of freezing
              (34 damage)
             ... on level 10 of the Dungeon.
             The game lasted 00:26:15 (14695 turns).

mortelune the Destroyer (GrFE)                     Turns: 14695, Time: 00:26:16

Health: -14/62     AC: 14    Str: 12    XL:     11   Next: 47%
Magic:  4/39       EV: 11    Int: 19    God:    Vehumet [*.....]
Gold:   450        SH:  0    Dex: 11    Spells: 7/23 levels left

rFire    + . .     SeeInvis .   s - +3 flail (protect)
rCold    + . .     Gourm    +   (no shield)
rNeg     + . .     Faith    .   x - +0 troll leather armour
rPois    ∞         Spirit   .   (helmet restricted)
rElec    +         Reflect  .   u - scarf {rC+ rF+}
rCorr    .         Harm     .   k - +0 pair of fencer's gloves {Riposte Dex+3}
MR       .....                  v - +0 pair of boots
Stlth    ++........             r - amulet of the gourmand
HPRegen  0.60/turn              B - ring of magical power
MPRegen  0.26/turn              w - ring of magical power

@: no status effects
A: antennae 1, clumsy 1, negative energy resistance 1, electricity resistance,
unbreathing, petrification resistance, rot immunity, AC +8
a: Renounce Religion


You were on level 10 of the Dungeon.
You worshipped Vehumet.
Vehumet was aware of your devotion.
You were not hungry.

You visited 2 branches of the dungeon, and saw 12 of its levels.

You collected 593 gold pieces.
You spent 143 gold pieces at shops.

Inventory:

Hand Weapons
 s - a +3 flail of protection (weapon)
Armour
 k - the +0 pair of fencer's gloves (worn) {Riposte Dex+3}
   (You acquired it on level 8 of the Dungeon)

   It affects your dexterity (+3).
 u - a scarf of resistance (worn)
 v - a +0 pair of boots (worn)
 x - a +0 troll leather armour (worn)
Magical Staves
 f - an uncursed staff of conjuration
Jewellery
 b - an uncursed ring of protection from magic
 r - an amulet of the gourmand (around neck)
 w - a ring of magical power (right hand)
 y - a +2 ring of intelligence
 B - a ring of magical power (left hand)
Wands
 D - a wand of enslavement (8)
 E - a wand of paralysis (24)
Scrolls
 d - 2 scrolls of blinking
 e - a scroll of fear
 g - 2 scrolls of magic mapping
 h - 3 scrolls of teleportation
 j - a scroll of enchant weapon
 p - 3 scrolls of remove curse
 z - a scroll of brand weapon
 A - 3 scrolls of identify
Potions
 l - 3 potions of degeneration
 m - 2 potions of curing
 n - 2 potions of magic
 q - a potion of ambrosia
 t - 2 potions of lignification {unknown}
 C - 2 potions of brilliance {unknown}
Comestibles
 c - 19 rations


   Skills:
 + Level 4.5 Fighting
 * Level 4.4 Maces & Flails
 + Level 3.3 Armour
 - Level 1.5 Dodging
 - Level 2.1 Stealth
 - Level 6.9 Spellcasting
 - Level 11.1 Conjurations
 - Level 10.6 Fire Magic


You had 7 spell levels left.
You knew the following spells:

 Your Spells              Type           Power        Failure   Level  Hunger
a - Flame Tongue          Conj/Fire      #####        1%          1    None
b - Throw Flame           Conj/Fire      #####.       1%          2    None
c - Conjure Flame         Conj/Fire      #####...     1%          3    #......
d - Sticky Flame          Conj/Fire      #####...     1%          4    ###....
e - Fireball              Conj/Fire      #####.....   4%          5    #####..
f - Sandblast             Erth           #.....       13%         1    None

Your spell library contained the following spells:

 Spells                   Type           Power        Failure   Level  Hunger
 Inner Flame              Hex/Fire       ####....     4%          3    #......
 Animate Skeleton         Necr           N/A          13%         1    None
 Pain                     Necr           #...         13%         1    None
 Regeneration             Chrm/Necr      #.........   36%         3    #......
 Vampiric Draining        Necr           #.........   36%         3    #......
 Animate Dead             Necr           N/A          78%         4    ###....


Dungeon Overview and Level Annotations

Branches:
Dungeon (11/15)            Temple (1/1) D:7            Lair (0/6) D:11
    Orc (0/2) D:9

Altars:
Ashenzari
Cheibriados
Dithmenos
Elyvilon
Fedhas
Gozag
Hepliaklqana
Kikubaaqudgha
Makhleb
Nemelex Xobeh
Okawaru
Qazlal
Ru
Sif Muna
Trog
Uskayaw
Vehumet
Wu Jian
Xom
Yredelemnul
Zin
The Shining One

Shops:
D:5 (

Annotations:
D:10 revenir avecailes


Innate Abilities, Weirdness & Mutations

You are resistant to torment.
Your stone body is resilient. (AC +8)
You are immune to poison.
You resist negative energy. (rN+)
You are resistant to electric shocks. (rElec)
You can survive without breathing.
You are immune to petrification.
You are immune to rotting.
You have a pair of small antennae on your head.
You are clumsy. (Dex -2)


Message History

The bolt of cold hits you!! You resist.
Casting: Fireball (safe; 4% risk of failure)
Confirm with . or Enter, or press ? or * to list all spells.
Aiming: Fireball (safe; 4% risk of failure)
Press: ? - help, Shift-Dir - straight line, f/p - frost giant
Aim: a frost giant, wielding a +2 battleaxe of freezing (severely wounded)
The fireball explodes!
The fireball engulfs the frost giant!
The frost giant is almost dead.
Casting: Fireball (safe; 4% risk of failure)
Confirm with . or Enter, or press ? or * to list all spells.
Aiming: Sticky Flame (safe; 1% risk of failure)
Press: ? - help, Shift-Dir - straight line, f/p - frost giant
Aim: a frost giant, wielding a +2 battleaxe of freezing (almost dead)
The sticky flame hits the frost giant.
The frost giant is almost dead.
The frost giant is covered in liquid flames!
The frost giant burns!
The frost giant hits you with a +2 battleaxe of freezing!!
Ouch! That really hurt!
You die...

##..###......####.......####.
##.........####....###.....#
############..#......#### #####..
......# ##.##....## ### ....(.#
#.>.#...## ......# ###......###
......# #..##.(..##### ......#
##.##.##.....###
......##########@##.######...####
.........((<<((C(.......)........
......)..........................
..≈≈≈≈≈........(............[....
≈≈≈≈≈≈≈≈≈§≈§.....................
≈≈≈≈≈≈≈≈≈≈≈≈≈≈≈≈≈.[.........≈≈≈≈≈
#≈≈≈≈≈≈≈≈≈≈≈≈≈≈≈≈≈≈≈≈≈≈≈≈≈≈≈≈≈≈≈≈
##≈≈≈≈≈≈≈≈≈≈≈≈≈≈≈≈≈≈≈≈≈≈≈≈≈≈≈≈≈≈≈
##≈≈≈≈≈≈≈≈≈≈≈≈≈≈≈≈≈≈≈≈≈≈≈≈≈≈≈≈≈≈


You could see a frost giant (burning).

Vanquished Creatures
  2 two-headed ogres (D:9)
  Erica (D:9)
  A tengu warrior (D:11)
  2 kobold demonologists (D:6)
  A troll (D:9)
  A wyvern (D:8)
  7 yaks
  Menkaure (D:7)
  2 black bears
  14 ice beasts
  A sky beast (D:9)
  2 orc warriors
  5 centaurs
  2 ogres
  A crocodile (D:11)
  6 big kobolds
  5 bullfrogs
  A scorpion (D:4)
  3 killer bees (D:8)
  3 electric eels (D:10)
  5 howler monkeys
  2 centaur zombies
  3 hounds
  5 jellies
  5 orc priests
  A bullfrog skeleton (D:7)
  7 orc wizards
  Jessica (D:2)
  An iguana (D:8)
  5 worker ants
  A hound zombie (D:6)
  A hound skeleton (D:9)
  A howler monkey zombie (D:8)
  A worker ant zombie (D:11)
  4 gnolls (D:8)
  7 adders
  2 shadow imps
  2 adder skeletons
  3 worms
  2 dart slugs (D:2)
  9 leopard geckos
  27 orcs
  A ball python (D:1)
  10 bats
  6 giant cockroaches
  7 hobgoblins
  13 jackals
  15 kobolds
  3 quokkas
  3 frilled lizards
  8 goblins
  A jackal skeleton (D:5)
  A leopard gecko skeleton (D:9)
  A leopard gecko zombie (D:5)
  A quokka skeleton (D:6)
  6 rats
  A spectral orc (D:2)
233 creatures vanquished.

Vanquished Creatures (others)
  14 fungi (D:11)
  4 plants (D:11)
18 creatures vanquished.

Grand Total: 251 creatures vanquished

Notes
Turn   | Place    | Note
-------+----------+-------------------------------------------
     0 | D:1      | mortelune the Gargoyle Fire Elementalist began the quest
                  | for the Orb.
     0 | D:1      | Reached XP level 1. HP: 10/10 MP: 3/3
   154 | D:1      | Reached XP level 2. HP: 12/16 MP: 0/5
   297 | D:1      | Gained mutation: You are clumsy. (Dex -2) [potion of
                  | mutation]
   297 | D:1      | Gained mutation: You have a pair of small antennae on your
                  | head. [potion of mutation]
   730 | D:1      | Reached skill level 2 in Conjurations
   730 | D:1      | Reached XP level 3. HP: 20/20 MP: 3/6
  1118 | D:2      | Reached skill level 1 in Fighting
  1122 | D:2      | Learned a level 2 spell: Throw Flame
  1126 | D:2      | Learned a level 3 spell: Conjure Flame
  1591 | D:2      | Found a burning altar of Makhleb.
  1904 | D:2      | Found a basalt altar of Yredelemnul.
  2085 | D:2      | Noticed Jessica
  2091 | D:2      | Killed Jessica
  2091 | D:2      | Reached XP level 4. HP: 25/25 MP: 1/7
  3002 | D:3      | Reached skill level 3 in Conjurations
  3060 | D:3      | Reached XP level 5. HP: 22/30 MP: 2/8
  3113 | D:3      | Found a white marble altar of Elyvilon.
  4175 | D:4      | Reached XP level 6. HP: 35/35 MP: 0/10
  5092 | D:5      | Entered Level 5 of the Dungeon
  5092 | D:5      | Found Xeha's Antique Weapon Boutique.
  5115 | D:5      | Bought a runed flail for 143 gold pieces
  5326 | D:5      | Learned a level 4 spell: Sticky Flame
  5827 | D:5      | Reached skill level 4 in Conjurations
  6404 | D:6      | Noticed an orc warrior
  6719 | D:6      | Reached skill level 5 in Fire Magic
  6719 | D:6      | Reached XP level 7. HP: 24/40 MP: 6/11
  7211 | D:6      | Reached skill level 5 in Conjurations
  7728 | D:6      | Found a blossoming altar of Fedhas.
  7833 | D:6      | Noticed a kobold demonologist
  7837 | D:6      | Noticed a kobold demonologist
  7839 | D:6      | Reached XP level 8. HP: 45/45 MP: 2/13
  7853 | D:6      | Noticed an orange demon
  7931 | D:6      | Killed a kobold demonologist
  7931 | D:6      | Reached skill level 6 in Conjurations
  8048 | D:5      | Learned a level 5 spell: Fireball
  8050 | D:6      | Noticed an ice devil
  8055 | D:6      | Killed a kobold demonologist
  8055 | D:6      | Reached skill level 7 in Conjurations
  8329 | D:6      | Reached XP level 9. HP: 49/49 MP: 3/16
  8812 | D:7      | Noticed Menkaure
  8814 | D:7      | Killed Menkaure
  9353 | D:7      | Found an opulent altar of Gozag.
  9355 | D:7      | Found an iron altar of Okawaru.
  9726 | D:7      | Found a staircase to the Ecumenical Temple.
  9734 | Temple   | Entered the Ecumenical Temple
 10029 | D:7      | Reached skill level 5 in Spellcasting
 10133 | D:8      | Reached skill level 8 in Conjurations
 10959 | D:8      | Reached skill level 9 in Conjurations
 11113 | D:8      | Reached XP level 10. HP: 45/54 MP: 2/18
 11729 | D:8      | Identified a scroll of acquirement
 11733 | D:8      | Found the +0 pair of fencer's gloves {Riposte Dex+3}
 12114 | D:9      | Found a staircase to the Orcish Mines.
 12118 | D:9      | Reached skill level 10 in Conjurations
 12441 | D:9      | Noticed a two-headed ogre
 12446 | D:9      | Killed a two-headed ogre
 12446 | D:9      | Reached skill level 10 in Fire Magic
 12717 | D:9      | Noticed Erica
 12722 | D:9      | Killed Erica
 12986 | D:9      | Found a radiant altar of Vehumet.
 12987 | D:9      | Noticed a two-headed ogre
 12992 | D:9      | Killed a two-headed ogre
 12992 | D:9      | Reached skill level 11 in Conjurations
 12992 | D:9      | Reached XP level 11. HP: 59/59 MP: 14/21
 13096 | D:9      | Became a worshipper of Vehumet
 13110 | D:9      | Found a shimmering blue altar of Sif Muna.
 13111 | D:9      | Found an ancient bone altar of Kikubaaqudgha.
 13113 | D:9      | Identified Kikubaaqudgha's Papyrus of Dark Secrets
 13338 | D:10     | Entered Level 10 of the Dungeon
 13482 | D:10     | Reached skill level 1 in Maces & Flails
 13483 | D:10     | Reached skill level 1 in Armour
 14161 | D:10     | Found an opulent altar of Gozag.
 14375 | D:11     | Noticed a tengu warrior
 14379 | D:11     | Killed a tengu warrior
 14532 | D:11     | Noticed a hell beast
 14533 | D:11     | Noticed a hell beast
 14649 | D:11     | Found a staircase to the Lair.
 14670 | D:11     | Reached * piety under Vehumet
 14670 | D:11     | Offered knowledge of Sandblast by Vehumet.
 14674 | D:11     | Learned a level 1 spell: Sandblast
 14687 | D:10     | Noticed a frost giant
 14695 | D:10     | Demolished by a frost giant

Levels and vault maps discovered:
D:1:      dpeg_arrival_water_fire, layout_basic
D:2:      layout_loops_corners, yredelemnul_forgotten_temple_becter,
          bloody_makhleb, uniq_jessica
D:3:      layout_loops_ring, minmay_misc_feat_ornament, elyvilon_altar_1
D:4:      layout_basic, first_ration
D:5:      layout_loops_ring, serial_shops, shop
D:6:      layout_basic, fedhas_altar_1
D:7:      layout_gridville, minitemple, minmay_temple_entry_hall, uniq_menkaure
D:8:      layout_cave_pools
D:9:      layout_cave_pods, grunt_temple_overflow_magic_moments, david_orc_3,
          uniq_erica
D:10:     minmay_twisted_water, layout_rooms, basic_altar
D:11:     layout_basic, due_lair_maze_entry_diamond, hangedman_stone_soup,
          lemuel_hellish_altar
Temple:   eino_narrow_crystal_temple

Skill      XL: |  1  2  3  4  5  6  7  8  9 10 11 |
---------------+----------------------------------+-----
Conjurations   | 2 3 4 5 7 9 11 | 11.1
Fighting       | 1 2 4 |  4.5
Fire Magic     | 4 5 6 7 9 10 | 10.6
Spellcasting   | 3 4 5 6 |  6.9
Maces & Flails | 4 |  4.4
Armour         | 3 |  3.3
Dodging        | |  1.5
Stealth        | |  2.1

Action                   |  1- 3 |  4- 6 |  7- 9 | 10-12 || total
-------------------------+-------+-------+-------+-------++-------
Melee: Unarmed           |     5 |       |       |       ||     5
       Club              |    26 |       |       |       ||    26
       Whip              |       |    62 |    34 |       ||    96
       Flail             |       |       |     3 |    15 ||    18
       Staff             |       |       |       |     1 ||     1
 Cast: Flame Tongue      |    41 |    47 |    67 |    49 ||   204
       Throw Flame       |    22 |    77 |   110 |   106 ||   315
       Sticky Flame      |       |     1 |    11 |    16 ||    28
       Conjure Flame     |       |     1 |     2 |     2 ||     5
       Fireball          |       |       |     7 |    27 ||    34
  Use: Potion            |     2 |       |       |     1 ||     3
       Scroll            |     2 |     2 |     6 |     3 ||    13
 Stab: Sleeping          |       |     1 |       |       ||     1
  Eat: Chunk             |     6 |    23 |    21 |    18 ||    68
Armor: Robe              |    22 |    21 |    35 |     7 ||    85
       Troll leather arm |       |       |       |    30 ||    30
Dodge: Dodged            |    26 |    49 |    44 |    39 ||   158
       Rpst.: Flail      |       |       |       |     6 ||     6
       Staff             |       |       |       |     1 ||     1
